 Seeded DCSS version 0.31-a0-983-g7b6862f502 (webtiles) character file.

Game seed: 13263922787007048489 (custom seed)

186 thriggle the Trooper (level 5, 0/42 HPs)
             Began as a Mummy Monk on Nov 2, 2023.
             Was an Initiate of Ashenzari.
             Slain by an iguana (8 damage)
             ... on level 4 of the Dungeon.
             The game lasted 00:08:47 (2376 turns).

thriggle the Trooper (Mummy Monk)                   Turns: 2376, Time: 00:08:48

Health: 0/42       AC:  4    Str: 16    XL:     5   Next: 38%
Magic:  5/5        EV: 12    Int:  9    God:    Ashenzari [......]
Gold:   127        SH:  0    Dex: 15    Spells: 4/4 levels left

rFire   . .          .
                       - Unarmed
rCold   + . .        (no shield)
rNeg    + + +        f - +0 leather armour
rPois   ∞            (no helmet)
rElec   .            (no cloak)
rCorr   .            h - +0 pair of gloves
SInv    .            (no boots)
Will    +....        (no amulet)
Stlth   ++           n - ring "Burden of Ashenzari" {Will+, Self, Fort} (curse)
HPRegen 0.27/turn    o - ring of protection from fire
MPRegen 0.09/turn

%: faith
@: about to teleport
A: cold resistance 1, negative energy resistance 3, torment resistance 2, heat
vulnerability 1, in touch with death 1, no potions, faith
a: Renounce Religion, Shatter the Chains


You were on level 4 of the Dungeon.
You worshipped Ashenzari.
Ashenzari was noncommittal.
You visited 1 branch of the dungeon, and saw 4 of its levels.

You collected 127 gold pieces.

Inventory:

Hand Weapons
 c - a +0 hand axe
Missiles
 g - 26 stones
 m - 6 poisoned darts
Armour
 a - a +0 robe
 b - an orb of light
 d - a +0 scale mail
 f - a +0 leather armour (worn)
 h - a +0 pair of gloves (worn)
 j - a +0 plate armour
Jewellery
 n - the cursed ring "Burden of Ashenzari" (left hand) {Will+, Self, Fort}
   (You took it off a hobgoblin on level 3 of the Dungeon)

   [ring of willpower]

   Will+:     It increases your willpower.
   It has a curse which improves the following skills: Introspection: Fighting
   and Spellcasting.
   Fortitude: Armour and Shields.
 o - a ring of protection from fire (right hand)
 p - a ring of flight
Scrolls
 i - 5 scrolls of identify
 k - a scroll of acquirement
 l - a scroll of noise


   Skills:
 + Level 3.9(4.2) Fighting
 + Level 1.4(1.7) Armour
 + Level 3.1 Dodging
 + Level 1.8 Stealth
 + Level 3.1 Unarmed Combat


You had 4 spell levels left.
You didn't know any spells.
Your spell library was empty.

Dungeon Overview and Level Annotations

Branches:
Dungeon (4/15)
 Temple: D:4-7

Altars:
Ashenzari
Fedhas

Shops:
D:2 (   D:4 ?


Innate Abilities, Weirdness & Mutations

You are immune to poison.
Your flesh is cold resistant. (rC+)
You are immune to negative energy. (rN+++)
You are immune to unholy pain and torment.
You are vulnerable to heat. (rF-)
You are in touch with the powers of death.
You do not drink.
You have a special connection with the divine. (Faith)


Message History

The phantom is heavily damaged.
The phantom closely misses you.
You closely miss the phantom.
The phantom is heavily damaged.
The phantom hits you.
You hit the phantom but do no damage.
The phantom is heavily damaged.
The phantom closely misses you.
You hit the phantom but do no damage.
The phantom is heavily damaged.
The phantom hits you.
The phantom blinks!
You blink.
The iguana misses you.
You hit the phantom. You punch the phantom.
The phantom is almost destroyed.
The phantom hits you!
The phantom blinks!
You blink.
A gnoll and an orc priest come into view.
The orc priest shouts!
You hit the phantom.
The phantom is almost destroyed.
You hear a shout! x3
The phantom misses you.
A goblin comes into view. It is wielding a +0 club.
You hit the phantom.
You destroy the phantom!
An orc comes into view. It is wielding a +0 club.
You have reached level 5!
You feel agile.
Found a stone staircase leading down.
The iguana bites you!
* * * LOW HITPOINT WARNING * * *
The iguana attacks as it pursues you! The iguana completely misses you.
The iguana attacks as it pursues you! The iguana bites you.
* * * LOW HITPOINT WARNING * * *
You closely miss the iguana.
A gnoll comes into view. It is wielding a +0 halberd.
The iguana closely misses you.
As you read the scroll of teleportation, it crumbles to dust.
You feel strangely unstable. The iguana closely misses you.
You hit the iguana.
The iguana is moderately wounded.
The iguana bites you!
You die...

#.##.######..#).
#.##..).........
#g#####......#.. .
#.####...#.∩.# ..#
..............#....
##.####..o##.o.....
#>.....og.g.(...#
######l###......#
#@# ....... #.#
....... ..# .......
.#.# ......# .....
.#..g.# .# ...
......# ## ...
.....


You could see an iguana, an orc priest, a gnoll and an orc.

Vanquished Creatures
  A phantom (D:4)
  Jessica (D:3)
  4 adders (D:2)
  3 orcs
  4 bats
  2 endoplasms (D:1)
  3 giant cockroaches
  5 goblins
  7 hobgoblins
  2 jackals (D:3)
  A quokka (D:1)
  6 ball pythons
  5 frilled lizards
  5 kobolds
  4 rats
53 creatures vanquished.

Notes
Turn   | Place    | Note
-------+----------+-------------------------------------------
     0 | D:1      | thriggle the Mummy Monk began the quest for the Orb.
     0 | D:1      | Reached XP level 1. HP: 18/18 MP: 1/1
   171 | D:1      | Reached XP level 2. HP: 24/24 MP: 2/2
   895 | D:2      | Reached XP level 3. HP: 22/29 MP: 3/3
  1014 | D:2      | Reached skill level 1 in Stealth
  1064 | D:2      | Found a broken altar of Ashenzari.
  1099 | D:2      | Became a worshipper of Ashenzari the Shackled
  1291 | D:2      | Identified a scroll of acquirement
  1458 | D:2      | Found Keruzami's Weapon Shoppe.
  1491 | D:2      | Reached XP level 4. HP: 35/35 MP: 4/4
  1802 | D:3      | Noticed Jessica
  1808 | D:3      | Killed Jessica
  1809 | D:3      | Reached skill level 1 in Armour
  1845 | D:3      | Found a blossoming altar of Fedhas.
  2335 | D:4      | Found Nyguclus's Magic Scroll Shop.
  2340 | D:4      | Noticed a phantom
  2369 | D:4      | Killed a phantom
  2370 | D:4      | Reached XP level 5. HP: 21/42 MP: 5/5
  2376 | D:4      | Slain by an iguana

Illustrated notes

Levels and vault maps discovered:
D:1:      psy_arrival_fountain, layout_basic, minmay_hexomino_f4
D:2:      layout_basic, serial_shops, shop, basic_altar, st_stairs_6,
          skrybe_limestone_x
D:3:      layout_loops_ring, fedhas_altar_2, kennysheep_minor_cross,
          uniq_jessica
D:4:      layout_loops_ring, serial_shops, shop, shop,
          gammafunk_ghost_necromancy, uniq_edmund

Skill      XL: |  1  2  3  4 |
---------------+-------------+-----
Stealth        | 1 |  1.8
Armour         | 1 |  1.4
Dodging        | 3 |  3.1
Unarmed Combat | 3 |  3.1
Fighting       | |  3.9

Action                     |  1- 3 |  4- 6 || total
---------------------------+-------+-------++-------
  Melee: Unarmed           |   140 |    77 ||   217
         Punch             |     5 |     2 ||     7
 Invoke: Curse Item        |       |     1 ||     1
    Use: Scroll            |     2 |     2 ||     4
   Stab: Sleeping          |     2 |     3 ||     5
 Armour: Robe              |    23 |       ||    23
         Leather armour    |    45 |    29 ||    74
  Dodge: Dodged            |    96 |    51 ||   147

Table legend: (Time is in decaauts)
 A = Elapsed time spent in this place.
 B = Non-inter-level travel time spent in this place.
 C = Inter-level travel time spent in this place.
 D = Time resting spent in this place.
 E = Time spent auto-exploring this place.
 F = Levels seen in this place.
 G = Mean time per level.
                   A        B        C        D        E       F      G
               +--------+--------+--------+--------+--------+-----+--------+
         Total |   2364 |   2272 |     92 |      0 |   1443 |   4 |  591.0 |
       Dungeon |   2364 |   2272 |     92 |      0 |   1443 |   4 |  591.0 |
               +--------+--------+--------+--------+--------+-----+--------+

Top non-repeatable levels by time:
     D:1: 870 daAuts
     D:2: 816 daAuts
     D:3: 628 daAuts
     D:4: 50 daAuts
